2025 views
Uploaded 2023-02-12 03:39:03
Game version 1.35 (6115)
23:35 long 3on3 ladder game on (6)UpperKingdom
Saved by GIGA
2025 views
Uploaded 2023-02-12 03:39:03
Game version 1.35 (6115)
23:35 long 3on3 ladder game on (6)UpperKingdom


102 units @ 16.2k
/ 3.1k
68 buildings @ 8.9k
/ 3.7k

| Peasant | 5 | 375 | / | 0 |
| Footman | 10 | 1350 | / | 0 |
| Rifleman | 6 | 1230 | / | 180 |
| Knight | 4 | 980 | / | 240 |
| Gryphon Rider | 1 | 280 | / | 70 |
| total: | 26 | 4215g | / | 490w |
| Scout Tower | 7 | 210 | / | 140 |
| Arcane Tower | 7 | 490 | / | 350 |
| Barracks | 1 | 160 | / | 60 |
| Farm | 7 | 560 | / | 140 |
| Altar of Kings | 2 | 360 | / | 100 |
| Lumber Mill | 1 | 120 | / | 0 |
| Blacksmith | 1 | 140 | / | 60 |
| Town Hall | 1 | 385 | / | 205 |
| Gryphon Aviary | 1 | 140 | / | 150 |
| Keep | 2 | 640 | / | 420 |
| Castle | 1 | 360 | / | 210 |
| total: | 21 | 2075g | / | 855w |
| 0:19 | Barracks |
| 0:22 | Peasant |
| 0:22 | Peasant |
| 0:42 | Farm |
| 0:56 | Farm |
| 1:25 | Altar of Kings |
| 1:27 | Footman |
| 1:41 | Peasant |
| 1:59 | Farm |
| 2:14 | Footman |
| 2:33 | Peasant |
| 2:33 | Peasant |
| 3:39 | Footman |
| 3:40 | Footman |
| 3:40 | Footman |
| 3:40 | Footman |
| 4:04 | Altar of Kings |
| 4:09 | Lumber Mill |
| 4:34 | Defend |
| 4:38 | Keep |
| 4:46 | Farm |
| 4:56 | Summon Water Elemental |
| 5:20 | Improved Lumber Harvesting |
| 5:20 | Improved Masonry |
| 5:50 | Scout Tower |
| 6:21 | Blacksmith |
| 7:11 | Rifleman |
| 7:11 | Rifleman |
| 7:11 | Rifleman |
| 7:54 | Iron Forged Swords |
| 7:55 | Black Gunpowder |
| 8:13 | Brilliance Aura |
| 9:02 | Castle |
| 9:05 | Footman |
| 9:58 | Advanced Lumber Harvesting |
| 9:59 | Advanced Masonry |
| 10:01 | Iron Plating |
| 10:03 | Studded Leather Armor |
| 10:15 | Summon Water Elemental |
| 10:31 | Scout Tower |
| 10:37 | Scout Tower |
| 11:46 | Gryphon Aviary |
| 11:58 | Farm |
| 12:04 | Farm |
| 12:12 | Farm |
| 13:03 | Footman |
| 13:04 | Footman |
| 13:05 | Knight |
| 13:06 | Knight |
| 13:08 | Rifleman |
| 13:42 | Scout Tower |
| 13:49 | Scout Tower |
| 14:30 | Gryphon Rider |
| 14:36 | Scout Tower |
| 14:43 | Scout Tower |
| 15:48 | Knight |
| 15:49 | Knight |
| 16:24 | Footman |
| 19:02 | Arcane Tower |
| 19:05 | Arcane Tower |
| 19:07 | Arcane Tower |
| 19:09 | Arcane Tower |
| 19:10 | Arcane Tower |
| 19:14 | Arcane Tower |
| 19:21 | Town Hall |
| 20:28 | Arcane Tower |
| 21:03 | Keep |
| 21:08 | Rifleman |
| 21:08 | Rifleman |
| Select | 214 |
| Right click | 210 |
| Build/train/purchase | 61 |
| Misc. action | 3 |
| Use ability | 2 |

| Peasant | 14 | 1050 | / | 0 |
| Footman | 8 | 1080 | / | 0 |
| Knight | 5 | 1225 | / | 300 |
| Mortar Team | 21 | 3780 | / | 1470 |
| Rifleman | 2 | 410 | / | 60 |
| Siege Engine | 1 | 195 | / | 60 |
| total: | 51 | 7740g | / | 1890w |
| Scout Tower | 2 | 60 | / | 40 |
| Arcane Tower | 1 | 70 | / | 50 |
| Guard Tower | 1 | 70 | / | 50 |
| Farm | 13 | 1040 | / | 260 |
| Barracks | 3 | 480 | / | 180 |
| Altar of Kings | 1 | 180 | / | 50 |
| Blacksmith | 1 | 140 | / | 60 |
| Lumber Mill | 1 | 120 | / | 0 |
| Town Hall | 3 | 1155 | / | 615 |
| Arcane Vault | 1 | 130 | / | 30 |
| Workshop | 2 | 280 | / | 280 |
| Keep | 1 | 320 | / | 210 |
| Castle | 1 | 360 | / | 210 |
| total: | 27 | 3585g | / | 1515w |
| 0:05 | Peasant |
| 0:05 | Peasant |
| 0:05 | Peasant |
| 0:20 | Farm |
| 0:34 | Barracks |
| 0:36 | Peasant |
| 0:44 | Altar of Kings |
| 0:57 | Farm |
| 1:03 | Peasant |
| 1:17 | Peasant |
| 1:32 | Peasant |
| 1:39 | Farm |
| 1:41 | Footman |
| 1:45 | Peasant |
| 2:00 | Footman |
| 2:08 | Peasant |
| 2:13 | Peasant |
| 2:15 | Footman |
| 2:22 | Farm |
| 2:56 | Keep |
| 3:02 | Summon Water Elemental |
| 3:06 | Footman |
| 3:10 | Scout Tower |
| 3:27 | Footman |
| 3:38 | Footman |
| 3:42 | Scout Tower |
| 3:57 | Blacksmith |
| 4:13 | Lumber Mill |
| 4:15 | Arcane Tower |
| 4:29 | Footman |
| 4:35 | Brilliance Aura |
| 4:48 | Footman |
| 5:20 | Castle |
| 5:48 | Town Hall |
| 6:01 | Iron Forged Swords |
| 6:33 | Guard Tower |
| 6:38 | Farm |
| 6:43 | Summon Water Elemental |
| 6:55 | Peasant |
| 6:56 | Peasant |
| 7:08 | Barracks |
| 7:10 | Barracks |
| 7:22 | Farm |
| 7:25 | Improved Lumber Harvesting |
| 7:46 | Knight |
| 7:50 | Iron Plating |
| 7:52 | Peasant |
| 7:52 | Peasant |
| 8:11 | Knight |
| 8:16 | Farm |
| 8:18 | Farm |
| 8:27 | Knight |
| 8:55 | Knight |
| 8:59 | Farm |
| 9:40 | Farm |
| 9:45 | Workshop |
| 9:53 | Brilliance Aura |
| 10:16 | Workshop |
| 10:21 | Farm |
| 10:26 | Black Gunpowder |
| 10:51 | Mortar Team |
| 11:07 | Farm |
| 11:27 | Mortar Team |
| 11:28 | Refined Gunpowder |
| 11:32 | Mortar Team |
| 11:54 | Farm |
| 11:58 | Mortar Team |
| 12:00 | Mortar Team |
| 12:05 | Mortar Team |
| 12:08 | Mortar Team |
| 12:42 | Mortar Team |
| 12:46 | Imbued Gunpowder |
| 13:02 | Mortar Team |
| 13:59 | Mortar Team |
| 14:00 | Mortar Team |
| 14:02 | Mortar Team |
| 14:02 | Mortar Team |
| 14:26 | Knight |
| 14:49 | Mortar Team |
| 14:51 | Mortar Team |
| 16:05 | Mortar Team |
| 16:05 | Mortar Team |
| 16:07 | Mortar Team |
| 16:07 | Mortar Team |
| 17:14 | Rifleman |
| 17:18 | Mortar Team |
| 17:37 | Arcane Vault |
| 17:45 | Mortar Team |
| 18:13 | Town Hall |
| 19:26 | Barrage |
| 19:31 | Siege Engine |
| 19:36 | Steel Plating |
| 20:28 | Town Hall |
| 20:36 | Rifleman |
| Select | 246 |
| Right click | 233 |
| Build/train/purchase | 78 |
| Select group | 4 |
| Assign group | 2 |
| Use ability | 1 |
| Remove unit | 1 |



| Rod of Necromancy | 1 | 150 |
| Orb of Corruption | 1 | 375 |
| Potion of Healing | 1 | 150 |
| Potion of Mana | 1 | 200 |
| Scroll of Town Portal | 2 | 700 |
| total: | 6 | 1575g |
| Acolyte | 9 | 675 | / | 0 |
| Ghoul | 4 | 480 | / | 0 |
| Crypt Fiend | 5 | 1075 | / | 200 |
| Obsidian Statue | 3 | 600 | / | 105 |
| Meat Wagon | 1 | 230 | / | 50 |
| Frost Wyrm | 3 | 1155 | / | 360 |
| total: | 25 | 4215g | / | 715w |
| Nerubian Tower | 1 | 100 | / | 20 |
| Spirit Tower | 4 | 580 | / | 160 |
| Crypt | 2 | 400 | / | 100 |
| Graveyard | 1 | 215 | / | 0 |
| Altar of Darkness | 1 | 180 | / | 50 |
| Ziggurat | 9 | 1350 | / | 450 |
| Tomb of Relics | 1 | 130 | / | 30 |
| Necropolis | 2 | 450 | / | 0 |
| Slaughterhouse | 1 | 140 | / | 135 |
| Sacrificial Pit | 1 | 75 | / | 150 |
| Boneyard | 2 | 350 | / | 400 |
| Halls of the Dead | 3 | 960 | / | 630 |
| Black Citadel | 3 | 975 | / | 690 |
| total: | 20 | 3290g | / | 1315w |
| 0:02 | Acolyte |
| 0:02 | Acolyte |
| 0:28 | Crypt |
| 0:29 | Crypt |
| 0:32 | Graveyard |
| 0:47 | Altar of Darkness |
| 0:55 | Ziggurat |
| 1:11 | Tomb of Relics |
| 1:32 | Ghoul |
| 1:47 | Ziggurat |
| 1:49 | Ghoul |
| 2:10 | Crypt Fiend |
| 2:36 | Crypt Fiend |
| 2:49 | Carrion Beetles |
| 2:50 | Rod of Necromancy |
| 3:20 | Crypt Fiend |
| 3:43 | Spiked Carapace |
| 3:49 | Halls of the Dead |
| 4:00 | Nerubian Tower |
| 4:01 | Ziggurat |
| 4:28 | Ghoul |
| 4:49 | Crypt Fiend |
| 5:07 | Creature Attack |
| 5:22 | Carrion Beetles |
| 5:30 | Crypt Fiend |
| 6:00 | Creature Carapace |
| 6:12 | Acolyte |
| 6:15 | Ziggurat |
| 6:31 | Slaughterhouse |
| 6:34 | Spiked Carapace |
| 7:10 | Death Coil |
| 7:13 | Web |
| 7:48 | Obsidian Statue |
| 7:50 | Black Citadel |
| 7:51 | Ghoul |
| 8:19 | Necropolis |
| 8:20 | Unholy Aura |
| 9:10 | Obsidian Statue |
| 9:53 | Improved Creature Attack |
| 9:59 | Ziggurat |
| 9:59 | Ziggurat |
| 10:00 | Acolyte |
| 10:01 | Acolyte |
| 10:01 | Acolyte |
| 10:21 | Destroyer Form |
| 10:55 | Acolyte |
| 10:55 | Acolyte |
| 11:06 | Death Coil |
| 11:08 | Carrion Beetles |
| 11:23 | Frost Nova |
| 11:24 | Obsidian Statue |
| 11:26 | Orb of Corruption |
| 11:53 | Improved Creature Carapace |
| 12:44 | Meat Wagon |
| 12:46 | Sacrificial Pit |
| 13:21 | Scroll of Town Portal |
| 13:21 | Potion of Healing |
| 13:22 | Potion of Mana |
| 13:27 | Advanced Creature Attack |
| 13:43 | Boneyard |
| 14:13 | Boneyard |
| 14:15 | Ghoul Frenzy |
| 14:37 | Acolyte |
| 15:00 | Frost Wyrm |
| 15:53 | Frost Wyrm |
| 16:20 | Spirit Tower |
| 16:36 | Spirit Tower |
| 16:44 | Unholy Aura |
| 16:47 | Necropolis |
| 16:58 | Frost Armor |
| 17:14 | Halls of the Dead |
| 17:39 | Ziggurat |
| 18:27 | Halls of the Dead |
| 18:37 | Spirit Tower |
| 19:19 | Ziggurat |
| 19:38 | Scroll of Town Portal |
| 19:45 | Frost Wyrm |
| 20:17 | Spirit Tower |
| 20:18 | Black Citadel |
| 20:33 | Ziggurat |
| 20:51 | Black Citadel |
| Right click | 706 |
| Select group | 611 |
| Select | 271 |
| Misc. action | 109 |
| Build/train/purchase | 99 |
| Use ability | 38 |
| Assign group | 33 |
| Minimap ping | 11 |
| Item give/drop | 5 |
| Resource trade | 4 |
| Esc | 1 |
85 units @ 7.1k
/ 0.8k
149 buildings @ 11.6k
/ 5.5k
GIGA
(207)
(23:31) : 
| Orb of Venom | 1 | 325 |
| total: | 1 | 325g |
| Wisp | 24 | 1440 | / | 0 |
| Archer | 3 | 390 | / | 30 |
| Druid of the Claw | 1 | 255 | / | 80 |
| total: | 28 | 2085g | / | 110w |
| Ancient Protector | 2 | 270 | / | 160 |
| Altar of Elders | 2 | 360 | / | 100 |
| Moon Well | 10 | 1800 | / | 400 |
| Ancient of War | 1 | 150 | / | 60 |
| Tree of Life | 5 | 1700 | / | 925 |
| Hunter's Hall | 1 | 210 | / | 100 |
| Ancient of Wonders | 1 | 90 | / | 30 |
| Ancient of Lore | 1 | 155 | / | 145 |
| Tree of Ages | 1 | 320 | / | 180 |
| Tree of Eternity | 1 | 330 | / | 200 |
| total: | 23 | 4735g | / | 1920w |
| 0:03 | Wisp |
| 0:03 | Wisp |
| 0:12 | Altar of Elders |
| 0:13 | Wisp |
| 0:16 | Moon Well |
| 0:22 | Wisp |
| 0:22 | Wisp |
| 0:34 | Wisp |
| 0:51 | Wisp |
| 0:57 | Ancient of War |
| 0:59 | Wisp |
| 1:17 | Wisp |
| 1:25 | Moon Well |
| 1:41 | Wisp |
| 1:57 | Wisp |
| 1:57 | Wisp |
| 2:02 | Archer |
| 2:16 | Archer |
| 2:27 | Moon Well |
| 2:39 | Fan of Knives |
| 2:45 | Archer |
| 3:33 | Moon Well |
| 4:16 | Tree of Life |
| 4:19 | Wisp |
| 4:19 | Wisp |
| 4:19 | Wisp |
| 4:32 | Blink |
| 4:39 | Bash |
| 5:25 | Moon Well |
| 5:28 | Moon Well |
| 5:31 | Moon Well |
| 5:36 | Bash |
| 5:46 | Wisp |
| 5:46 | Wisp |
| 5:46 | Wisp |
| 6:17 | Tree of Ages |
| 6:57 | Hunter's Hall |
| 7:25 | Fan of Knives |
| 7:39 | Moon Well |
| 7:55 | Storm Bolt |
| 8:42 | Tree of Eternity |
| 9:06 | Ancient Protector |
| 9:12 | Ancient Protector |
| 9:17 | Wisp |
| 9:17 | Wisp |
| 9:18 | Wisp |
| 9:20 | Nature's Blessing |
| 9:26 | Ultravision |
| 9:57 | Ancient of Wonders |
| 11:03 | Well Spring |
| 11:39 | Moon Well |
| 11:40 | Moon Well |
| 12:48 | Orb of Venom |
| 14:07 | Shadow Strike |
| 15:01 | Tree of Life |
| 15:09 | Ancient of Lore |
| 15:17 | Tree of Life |
| 15:59 | Altar of Elders |
| 18:13 | Druid of the Claw Adept Training |
| 18:15 | Wisp |
| 18:36 | Wisp |
| 18:37 | Wisp |
| 18:45 | Druid of the Claw |
| 19:21 | Tree of Life |
| 19:59 | Tree of Life |
| Right click | 1501 |
| Select | 326 |
| Select group | 298 |
| Build/train/purchase | 79 |
| Resource trade | 63 |
| Use ability | 40 |
| Misc. action | 26 |
| Minimap ping | 13 |
| Assign group | 11 |
| Item give/drop | 4 |
| Esc | 4 |



| Peasant | 23 | 1725 | / | 0 |
| Mortar Team | 3 | 540 | / | 210 |
| Flying Machine | 16 | 1600 | / | 480 |
| total: | 42 | 3865g | / | 690w |
| Scout Tower | 57 | 1710 | / | 1140 |
| Guard Tower | 16 | 1120 | / | 800 |
| Arcane Tower | 3 | 210 | / | 150 |
| Altar of Kings | 1 | 180 | / | 50 |
| Farm | 14 | 1120 | / | 280 |
| Lumber Mill | 1 | 120 | / | 0 |
| Town Hall | 1 | 385 | / | 205 |
| Blacksmith | 1 | 140 | / | 60 |
| Barracks | 1 | 160 | / | 60 |
| Arcane Vault | 1 | 130 | / | 30 |
| Workshop | 5 | 700 | / | 700 |
| Gryphon Aviary | 1 | 140 | / | 150 |
| Keep | 1 | 320 | / | 210 |
| Castle | 1 | 360 | / | 210 |
| total: | 83 | 4785g | / | 2675w |
| 0:02 | Peasant |
| 0:14 | Peasant |
| 0:18 | Altar of Kings |
| 0:19 | Peasant |
| 0:27 | Peasant |
| 0:35 | Farm |
| 0:36 | Peasant |
| 0:47 | Lumber Mill |
| 0:49 | Peasant |
| 0:52 | Peasant |
| 1:05 | Peasant |
| 1:08 | Peasant |
| 1:13 | Farm |
| 1:17 | Scout Tower |
| 1:18 | Scout Tower |
| 1:18 | Scout Tower |
| 1:22 | Scout Tower |
| 1:34 | Peasant |
| 1:48 | Peasant |
| 1:49 | Guard Tower |
| 1:58 | Arcane Tower |
| 2:04 | Peasant |
| 2:35 | Scout Tower |
| 2:36 | Guard Tower |
| 2:59 | Peasant |
| 3:13 | Storm Bolt |
| 3:24 | Peasant |
| 3:31 | Town Hall |
| 3:37 | Peasant |
| 3:42 | Scout Tower |
| 3:43 | Scout Tower |
| 3:43 | Scout Tower |
| 3:44 | Scout Tower |
| 3:57 | Scout Tower |
| 3:59 | Scout Tower |
| 4:00 | Scout Tower |
| 4:04 | Farm |
| 4:08 | Peasant |
| 4:10 | Improved Lumber Harvesting |
| 4:10 | Improved Masonry |
| 4:39 | Guard Tower |
| 4:46 | Guard Tower |
| 4:52 | Peasant |
| 4:52 | Peasant |
| 5:06 | Keep |
| 5:21 | Peasant |
| 5:28 | Guard Tower |
| 5:31 | Guard Tower |
| 5:36 | Scout Tower |
| 5:37 | Scout Tower |
| 5:38 | Scout Tower |
| 5:56 | Blacksmith |
| 6:06 | Guard Tower |
| 6:23 | Peasant |
| 6:23 | Peasant |
| 6:39 | Scout Tower |
| 6:41 | Scout Tower |
| 6:42 | Scout Tower |
| 6:44 | Scout Tower |
| 6:46 | Scout Tower |
| 6:47 | Scout Tower |
| 7:01 | Guard Tower |
| 7:03 | Scout Tower |
| 7:04 | Scout Tower |
| 7:04 | Scout Tower |
| 7:10 | Black Gunpowder |
| 7:14 | Scout Tower |
| 7:15 | Scout Tower |
| 7:16 | Scout Tower |
| 7:18 | Guard Tower |
| 7:26 | Castle |
| 7:29 | Workshop |
| 7:31 | Workshop |
| 7:35 | Workshop |
| 7:37 | Barracks |
| 7:43 | Workshop |
| 7:45 | Workshop |
| 7:50 | Guard Tower |
| 7:53 | Scout Tower |
| 7:54 | Scout Tower |
| 7:59 | Guard Tower |
| 8:04 | Peasant |
| 8:04 | Peasant |
| 8:05 | Advanced Lumber Harvesting |
| 8:05 | Advanced Masonry |
| 8:44 | Guard Tower |
| 8:46 | Guard Tower |
| 8:48 | Flak Cannons |
| 8:49 | Flare |
| 9:12 | Scout Tower |
| 9:13 | Scout Tower |
| 9:15 | Scout Tower |
| 9:15 | Scout Tower |
| 9:16 | Scout Tower |
| 9:21 | Mortar Team |
| 9:27 | Farm |
| 9:28 | Farm |
| 9:29 | Farm |
| 9:30 | Farm |
| 9:32 | Refined Gunpowder |
| 9:49 | Divine Shield |
| 9:50 | Storm Bolt |
| 9:59 | Flying Machine Bombs |
| 9:59 | Fragmentation Shards |
| 10:08 | Farm |
| 10:10 | Farm |
| 10:16 | Farm |
| 10:17 | Farm |
| 10:28 | Arcane Tower |
| 10:45 | Mortar Team |
| 10:52 | Imbued Gunpowder |
| 10:56 | Imbued Masonry |
| 11:22 | Flying Machine |
| 11:29 | Iron Plating |
| 11:30 | Guard Tower |
| 11:33 | Scout Tower |
| 11:34 | Scout Tower |
| 11:44 | Scout Tower |
| 12:03 | Scout Tower |
| 12:05 | Scout Tower |
| 12:05 | Scout Tower |
| 12:06 | Scout Tower |
| 12:11 | Scout Tower |
| 12:11 | Scout Tower |
| 12:14 | Scout Tower |
| 12:15 | Scout Tower |
| 12:16 | Scout Tower |
| 12:40 | Flying Machine |
| 12:41 | Flying Machine |
| 12:41 | Flying Machine |
| 12:41 | Flying Machine |
| 12:41 | Flying Machine |
| 12:41 | Flying Machine |
| 12:42 | Flying Machine |
| 13:13 | Arcane Tower |
| 14:18 | Holy Light |
| 14:33 | Flying Machine |
| 14:34 | Flying Machine |
| 14:34 | Flying Machine |
| 14:34 | Flying Machine |
| 14:34 | Flying Machine |
| 14:34 | Flying Machine |
| 14:35 | Flying Machine |
| 14:48 | Steel Plating |
| 15:03 | Farm |
| 15:04 | Farm |
| 15:05 | Farm |
| 15:35 | Mortar Team |
| 16:37 | Divine Shield |
| 18:03 | Bash |
| 18:29 | Scout Tower |
| 18:30 | Scout Tower |
| 18:30 | Scout Tower |
| 18:31 | Scout Tower |
| 18:32 | Scout Tower |
| 18:32 | Scout Tower |
| 18:35 | Scout Tower |
| 18:35 | Scout Tower |
| 18:36 | Scout Tower |
| 18:37 | Scout Tower |
| 18:38 | Scout Tower |
| 19:00 | Brilliance Aura |
| 19:04 | Bash |
| 19:05 | Holy Light |
| 19:10 | Flying Machine |
| 19:19 | Guard Tower |
| 19:55 | Guard Tower |
| 20:00 | Arcane Vault |
| 20:03 | Gryphon Aviary |
| Right click | 942 |
| Select | 316 |
| Select group | 239 |
| Build/train/purchase | 102 |
| Misc. action | 55 |
| Use ability | 49 |
| Resource trade | 11 |
| Assign group | 10 |
| Esc | 7 |
| Minimap ping | 6 |


| Peasant | 15 | 1125 | / | 0 |
| total: | 15 | 1125g | / | 0w |
| Scout Tower | 33 | 990 | / | 660 |
| Arcane Tower | 13 | 910 | / | 650 |
| Guard Tower | 16 | 1120 | / | 800 |
| Altar of Kings | 2 | 360 | / | 100 |
| Farm | 5 | 400 | / | 100 |
| Lumber Mill | 3 | 360 | / | 0 |
| Keep | 1 | 320 | / | 210 |
| Castle | 1 | 360 | / | 210 |
| total: | 43 | 2110g | / | 860w |
| 0:06 | Altar of Kings |
| 0:10 | Farm |
| 0:11 | Peasant |
| 0:20 | Peasant |
| 0:28 | Peasant |
| 0:38 | Peasant |
| 0:49 | Scout Tower |
| 0:51 | Peasant |
| 0:51 | Peasant |
| 1:00 | Lumber Mill |
| 1:02 | Peasant |
| 1:18 | Arcane Tower |
| 1:29 | Farm |
| 1:33 | Peasant |
| 1:55 | Peasant |
| 2:03 | Improved Lumber Harvesting |
| 2:19 | Storm Bolt |
| 2:22 | Peasant |
| 2:27 | Farm |
| 2:41 | Scout Tower |
| 2:42 | Scout Tower |
| 2:45 | Scout Tower |
| 2:53 | Peasant |
| 2:53 | Peasant |
| 3:09 | Scout Tower |
| 3:10 | Scout Tower |
| 3:12 | Guard Tower |
| 3:15 | Guard Tower |
| 3:21 | Peasant |
| 3:23 | Improved Masonry |
| 3:35 | Scout Tower |
| 3:35 | Scout Tower |
| 3:39 | Guard Tower |
| 3:40 | Guard Tower |
| 3:44 | Peasant |
| 3:44 | Peasant |
| 4:03 | Scout Tower |
| 4:06 | Guard Tower |
| 4:09 | Scout Tower |
| 4:12 | Scout Tower |
| 4:14 | Guard Tower |
| 4:29 | Keep |
| 4:43 | Arcane Tower |
| 4:45 | Scout Tower |
| 4:47 | Guard Tower |
| 4:49 | Scout Tower |
| 5:00 | Guard Tower |
| 5:06 | Scout Tower |
| 5:08 | Scout Tower |
| 5:16 | Arcane Tower |
| 5:19 | Guard Tower |
| 5:21 | Arcane Tower |
| 5:33 | Scout Tower |
| 5:34 | Scout Tower |
| 5:45 | Scout Tower |
| 5:50 | Guard Tower |
| 5:52 | Arcane Tower |
| 5:59 | Scout Tower |
| 6:00 | Scout Tower |
| 6:08 | Guard Tower |
| 6:11 | Guard Tower |
| 6:24 | Scout Tower |
| 6:24 | Scout Tower |
| 6:36 | Guard Tower |
| 6:43 | Guard Tower |
| 6:49 | Scout Tower |
| 6:52 | Scout Tower |
| 7:35 | Scout Tower |
| 7:38 | Scout Tower |
| 7:41 | Arcane Tower |
| 7:42 | Arcane Tower |
| 7:50 | Advanced Masonry |
| 7:51 | Castle |
| 8:05 | Scout Tower |
| 8:07 | Arcane Tower |
| 8:08 | Arcane Tower |
| 8:10 | Scout Tower |
| 8:28 | Scout Tower |
| 8:38 | Arcane Tower |
| 8:40 | Arcane Tower |
| 8:43 | Scout Tower |
| 9:00 | Holy Light |
| 9:14 | Arcane Tower |
| 9:17 | Guard Tower |
| 9:19 | Scout Tower |
| 9:48 | Scout Tower |
| 9:49 | Scout Tower |
| 10:06 | Arcane Tower |
| 10:27 | Lumber Mill |
| 10:30 | Lumber Mill |
| 10:39 | Altar of Kings |
| 10:44 | Farm |
| 10:46 | Farm |
| 12:47 | Guard Tower |
| Right click | 534 |
| Select group | 424 |
| Select | 212 |
| Build/train/purchase | 55 |
| Resource trade | 11 |
| Assign group | 10 |
| Misc. action | 2 |
| Use ability | 2 |
| Remove unit | 1 |
| Esc | 1 |
⇛